 Dungeon Crawl Stone Soup version 0.24-a0-280-g7cec4da (webtiles) character file.

Game seed: 18277093672093647132

130 Gunnerkreig the Sneak (level 5, -4/34 HPs)
             Began as an Octopode Wizard on May 13, 2019.
             Killed by divine providence
             ... invoked by an orc priest
              (13 damage)
             ... on level 3 of the Dungeon.
             The game lasted 00:04:14 (2482 turns).

Gunnerkreig the Sneak (Octopode Wizard)             Turns: 2482, Time: 00:04:14

Health: -4/34      AC:  1    Str:  6    XL:     5   Next: 13%
Magic:  5/10       EV: 13    Int: 21    God:
Gold:   176        SH:  0    Dex: 11    Spells: 4/11 levels left

rFire    . . .     SeeInvis .   m - +1 war axe (chop)
rCold    . . .     Gourm    .   (no shield)
rNeg     . . .     Faith    .   a - +0 hat
rPois    .         Spirit   .   (no amulet)
rElec    .         Reflect  .   (no ring)
rCorr    .         Harm     .   (no ring)
MR       .....                  (no ring)
Stlth    +++.......             (no ring)
HPRegen  0.11/turn              (no ring)
MPRegen  0.12/turn              (no ring)
                                (no ring)
                                (no ring)

@: very slightly contaminated
A: almost no armour, stealthy swim, amphibious, 8 rings, constrict 8, camouflage
1, gelatinous body 1
a: no special abilities


You were on level 3 of the Dungeon.
You were hungry.

You visited 1 branch of the dungeon, and saw 3 of its levels.

You collected 176 gold pieces.

Inventory:

Hand Weapons
 k - a +0 dagger of venom
 m - a +1 war axe of chopping (weapon)
Missiles
 d - 129 stones
 o - 38 sling bullets
 q - 7 javelins
 s - 7 exploding tomahawks (quivered)
Armour
 a - a +0 hat (worn)
Scrolls
 e - 2 scrolls of magic mapping {unknown}
 f - 3 scrolls of enchant weapon {unknown}
 g - 3 scrolls of identify {unknown}
 h - a scroll of amnesia {unknown}
 p - a scroll of enchant armour {unknown}
 u - a scroll of remove curse {unknown}
Potions
 b - 2 potions of curing {unknown}
 i - a potion of flight {unknown}
 j - 2 potions of brilliance {unknown}
 l - 2 potions of cancellation {unknown}
 n - a potion of degeneration {unknown}
 r - 2 potions of haste {unknown}
 t - a potion of mutation {unknown}
 v - a potion of lignification {unknown}
Comestibles
 c - 10 rations


   Skills:
 + Level 2.1 Fighting
 - Level 2.0 Dodging
 + Level 4.3 Stealth
 + Level 3.6 Spellcasting
 + Level 2.4 Conjurations
   Level 1.0 Summonings
   Level 1.0 Translocations


You had 4 spell levels left.
You knew the following spells:

 Your Spells              Type           Power        Failure   Level  Hunger
a - Magic Dart            Conj           ##..         4%          1    None
b - Conjure Flame         Conj/Fire      #.......     22%         3    ###....
c - Mephitic Cloud        Conj/Pois/Air  #.......     26%         3    ###....

Your spell library contained the following spells:

 Spells                   Type           Power        Failure   Level  Hunger
 Blink                    Tloc           N/A          12%         2    ##.....
 Call Imp                 Summ           #.......     12%         2    ##.....
 Slow                     Hex            #.......     19%         2    ##.....


Dungeon Overview and Level Annotations

Branches:
Dungeon (3/15)

Altars:
Dithmenos
Elyvilon
Kikubaaqudgha
Ru
Uskayaw
Xom
Yredelemnul
The Shining One


Innate Abilities, Weirdness & Mutations

You cannot wear most types of armour.
You are very stealthy in the water. (Stealth+)
You are amphibious.
You can wear up to eight rings at the same time.
You can use your tentacles to constrict eight enemies at once.
Your skin changes colour to match your surroundings (Stealth+).
Your rubbery body absorbs attacks. (AC +1, EV +1)


Message History

You slash the adder!
You kill the adder!
The orc wizard miscasts a cantrip.
The orc priest invokes the aid of Beogh against you.
Beogh smites you!
The orc wizard casts a spell.
The orc wizard blinks!
The orc hits you with a +0 mace.
* * * LOW HITPOINT WARNING * * *
There is an open door, spattered with blood here.
The orc wizard gestures wildly while chanting.
The orc wizard flickers and vanishes!
Deactivating autopickup; reactivate with Ctrl-A.
Casting: Conjure Flame (safe; 22% risk of failure)
Confirm with . or Enter, or press ? or * to list all spells.
Aiming: Conjure Flame (safe; 22% risk of failure)
Press: ? - help, Dir - move target cursor The fire ignites!
The orc priest mumbles some strange prayers to Beogh against you.
Beogh smites you!
You die...

.##..###...#.#######
.........###.# .# ..#..###.#
#.# .## .....# #. ##'## o..<
....## #.##...## .o...
....####.#.....## #o....
................## #......
....####.........####o......
.......'........@§ooo{o....#
....####.........####o#.##.#
.#.## ##.......## .._ .###
##.....## ##.# .# ##.†.## .#
.###########'## ######
.##..........# ##.#._##
.##.#######..# #.....⌠#
.##.##### #..## ###..###


You could see 2 orc priests and 4 orcs.

Vanquished Creatures
  A worker ant (D:3)
  5 adders
  2 oozes
  2 worms (D:3)
  A dart slug (D:3)
  4 orcs (D:3)
  7 bats
  A giant cockroach (D:2)
  3 hobgoblins
  A frilled lizard (D:1)
  7 goblins
  5 kobolds
  7 rats
  A spectral orc (D:3)
47 creatures vanquished.

Notes
Turn   | Place    | Note
-------+----------+-------------------------------------------
     0 | D:1      | Gunnerkreig the Octopode Wizard began the quest for the
                  | Orb.
     0 | D:1      | Reached XP level 1. HP: 11/11 MP: 4/4
   195 | D:1      | Reached skill level 3 in Stealth
   195 | D:1      | Reached XP level 2. HP: 9/18 MP: 0/6
   842 | D:2      | Reached skill level 1 in Fighting
   842 | D:2      | Reached XP level 3. HP: 22/23 MP: 1/7
   972 | D:2      | Found a shimmering altar of Xom.
   973 | D:2      | Found a shimmering altar of Xom.
   973 | D:2      | Found a shimmering altar of Xom.
  1010 | D:2      | Found a shimmering altar of Xom.
  1149 | D:2      | Found a faded altar of an unknown god.
  1154 | D:2      | Learned a level 3 spell: Conjure Flame
  1158 | D:2      | Learned a level 3 spell: Mephitic Cloud
  1186 | D:2      | Found a hide-covered altar of Uskayaw.
  1386 | D:3      | Reached skill level 4 in Stealth
  1386 | D:3      | Reached XP level 4. HP: 23/29 MP: 1/9
  1971 | D:3      | Found a basalt altar of Yredelemnul.
  2044 | D:3      | Found a sacrificial altar of Ru.
  2044 | D:3      | Found an ancient bone altar of Kikubaaqudgha.
  2275 | D:3      | Reached XP level 5. HP: 34/34 MP: 6/10
  2340 | D:3      | Found a white marble altar of Elyvilon.
  2341 | D:3      | Found a glowing golden altar of the Shining One.
  2470 | D:3      | Found a shadowy altar of Dithmenos.
  2482 | D:3      | Killed from afar by an orc priest

Levels and vault maps discovered:
D:1:      matt_arrival_diagonals, layout_rooms
D:2:      layout_rooms, eat_drink_and_be_merry_uskayaw, xom_redecorated,
          chequers_ecumenical_altar_simple_redux
D:3:      layout_loops_corners, lemuel_crystal_altar,
          yredelemnul_forgotten_temple_becter, lemuel_coloured_pillars_altar,
          minitemple, gammafunk_temple_overflow_wave, serial_bayou_ford_a

Skill      XL: |  1  2  3  4 |
---------------+-------------+-----
Stealth        | 3 4 |  4.3
Fighting       | 1 2 |  2.1
Conjurations   | 2 |  2.4
Dodging        | |  2.0
Spellcasting   | |  3.6
Summonings     | |  1.0
Translocations | |  1.0

Action                   |  1- 3 |  4- 6 || total
-------------------------+-------+-------++-------
Melee: Unarmed           |    11 |       ||    11
       Constrict         |     6 |     7 ||    13
       Tentacles         |     5 |     1 ||     6
       Dagger            |     2 |       ||     2
       War axe           |    12 |    28 ||    40
Throw: Tomahawk          |       |     1 ||     1
 Cast: Magic Dart        |    48 |    32 ||    80
       Mephitic Cloud    |       |     1 ||     1
       Conjure Flame     |       |     1 ||     1
 Stab: Sleeping          |     1 |     2 ||     3
       Distracted        |       |     1 ||     1
  Eat: Chunk             |     1 |     3 ||     4
Armor: Skin              |     3 |     1 ||     4
Dodge: Dodged            |    15 |    23 ||    38

Table legend:
 A = Non-vault XP
 B = Vault XP
 C = Vault XP percentage of total XP
 D = Non-vault monster count
 E = Vault monster count
 F = Vault count percentage of total count
                 A         B        C        D         E       F
            +---------+---------+-------+---------+---------+-------
      Total |     185 |       1 |   0.5 |      46 |       1 |   2.1
            +---------+---------+-------+---------+---------+-------
        D:1 |      21 |       0 |   0.0 |      12 |       0 |   0.0
        D:2 |      38 |       0 |   0.0 |      10 |       0 |   0.0
        D:3 |     126 |       1 |   0.8 |      24 |       1 |   4.0
            +---------+---------+-------+---------+---------+-------
